 Dungeon Crawl Stone Soup version 0.30.1-11-g7821555f0a (webtiles) character file.

Game seed: 297425650091252322

1129 jagang the Carver (level 8, 0/64 HPs)
             Began as a Barachi Monk on Dec 15, 2023.
             Slain by Duvessa
             ... wielding a +0 rapier
              (5 damage)
             ... on level 6 of the Dungeon.
             The game lasted 00:11:13 (4919 turns).

jagang the Carver (Barachi Monk)                    Turns: 4919, Time: 00:11:14

Health: 0/64       AC: 11    Str: 19    XL:     8   Next: 35%
Magic:  8/8        EV: 15    Int: 11    God:
Gold:   91         SH:  5    Dex: 16    Spells: 7/7 levels left

rFire   . . .        f - +2 dagger (drain)
rCold   . . .        d - orb {light}
rNeg    . . .        x - +0 chain mail
rPois   .            s - +0 helmet
rElec   .            (no cloak)
rCorr   .            (no gloves)
SInv    .            (no boots)
Will    .....        w - amulet of reflection Stlth
                     o - +6 ring of strength
HPRegen 0.30/turn    C - +5 ring of evasion
MPRegen 0.11/turn

%: reflection
@: unable to hop, hasted, glowing, quick
A: amphibious, slowness 1, strong legs 1, +LOS
a: Hop


You were on level 6 of the Dungeon.
You visited 1 branch of the dungeon, and saw 6 of its levels.

You collected 309 gold pieces.
You spent 218 gold pieces at shops.

Inventory:

Hand Weapons
 a - a +0 falchion
 f - a +2 dagger of draining (weapon)
Armour
 d - an orb of light (worn)
 s - a +0 helmet (worn)
 x - a +0 chain mail (worn)
 z - a +0 plate armour
Jewellery
 o - a +6 ring of strength (left hand)
 r - a +6 ring of intelligence
 t - a +6 ring of strength
 w - an amulet of reflection (around neck)
 C - a +5 ring of evasion (right hand)
Wands
 B - a wand of flame (12)
Scrolls
 g - a scroll of silence {unknown}
 h - a scroll of brand weapon {unknown}
 i - a scroll of amnesia {unknown}
 j - 3 scrolls of fog {unknown}
 m - 7 scrolls of identify {unknown}
 p - 2 scrolls of teleportation {unknown}
 y - a scroll of vulnerability {unknown}
 A - 2 scrolls of magic mapping {unknown}
 G - a scroll of noise {unknown}
 I - a scroll of poison {unknown}
Potions
 b - 3 potions of haste
 c - a potion of ambrosia
 e - 2 potions of mutation {unknown}
 k - a potion of resistance {unknown}
 l - 2 potions of flight {unknown}
 n - 3 potions of heal wounds {unknown}
 q - a potion of brilliance {unknown}
 u - a potion of lignification {unknown}
 v - a potion of degeneration {unknown}
 D - a potion of might {unknown}
 H - a potion of berserk rage {unknown}


   Skills:
 + Level 6.2 Fighting
 * Level 8.2 Long Blades
 + Level 5.0 Armour
 + Level 5.6 Dodging


You had 7 spell levels left.
You didn't know any spells.
Your spell library was empty.

Dungeon Overview and Level Annotations

Branches:
Dungeon (6/15)
 Temple: D:4-7

Altars:
Ashenzari
Dithmenos
Hepliaklqana

Shops:
D:1 :   D:3 =   D:5 [

Annotations:
D:6 Duvessa


Innate Abilities, Weirdness & Mutations

You are amphibious.
You cover ground slowly.
You can hop short distances.
You have an extended range of vision and can be seen from far away.


Message History

You hit Duvessa but do no damage. You drain Duvessa.
Duvessa is heavily wounded.
Duvessa closely misses you.
The orc warrior hits you with a +0 battleaxe!
* * * LOW HITPOINT WARNING * * *
Duvessa barely misses you.
Hop to where?
Press: ? - help, Dir - move target, p - Duvessa Boing!
Throw: 3 darts (poison)
Press: ? - help, Q - select action, (/) - cycle Shift-Dir - straight line, f - orc warrior
Aim: an orc warrior, wielding a +0 battleaxe and wearing a +0 plate armour (moderately wounded, heavily drained, 63% to hit)
You throw a poisoned dart.
The poisoned dart closely misses the orc warrior.
You hear a shout!
Throw: 2 darts (poison)
Press: ? - help, Q - select action, (/) - cycle Shift-Dir - straight line, f/p - orc warrior
Aim: an orc warrior, wielding a +0 battleaxe and wearing a +0 plate armour (moderately wounded, heavily drained, haloed, 80% to hit)
You throw a poisoned dart. The poisoned dart hits the orc warrior.
The orc warrior is poisoned.
The orc warrior is moderately wounded.
Throw: dart (poison)
Press: ? - help, Q - select action, (/) - cycle Shift-Dir - straight line, f/p - orc warrior
Aim: an orc warrior, wielding a +0 battleaxe and wearing a +0 plate armour (moderately wounded, poisoned, heavily drained, haloed, 80% to hit)
You throw a poisoned dart. The poisoned dart hits the orc warrior.
The orc warrior looks even sicker.
The orc warrior is moderately wounded.
Duvessa misses you.
You hit Duvessa but do no damage.
Duvessa is heavily wounded.
You block Duvessa's attack.
An orc comes into view. It is wielding a +0 mace.
The orc warrior hits you with a +0 battleaxe!
* * * LOW HITPOINT WARNING * * *
You hit Duvessa but do no damage.
Duvessa is heavily wounded.
You block Duvessa's attack.
It was a potion of haste.
You feel yourself speed up. Duvessa hits you with a +0 rapier.
You die...

......#
#.......'.........
......#
#.......#.........
......#
###.......#######.##
####....# #.....##'##
##.## #....#
#.....#...# #....
+....+ #.....#...#
#.... #....#
+.....#...# #..##
#....#. ##.....#..<#
#..## #....#.
#...@..#...# #...)
+....#.o #..oe..#...#
#.... #....#..
#..(...#...# #'###
#.(..#...#.(....#...#
#..##
+....'...#......'...#
#..'.
#....#...o(.....#...#
#..#.
#....#...#......#...#
#..##
#....#####(....##...#
#####
+....'...#.....'....#
#


You could see Duvessa (berserk, very drained), an orc warrior (very poisoned,
very drained) and an orc.

Vanquished Creatures
  Sigmund (D:3)
  A water moccasin (D:5)
  An ice beast (D:6)
  An ogre (D:4)
  2 centaurs
  2 scorpions (D:5)
  Dowan (D:6)
  A hound (D:5)
  A jelly (D:5)
  3 iguanas
  2 orc wizards
  8 adders
  3 dart slugs
  2 worms
  6 orcs
  8 endoplasms
  6 giant cockroaches
  9 goblins
  3 hobgoblins
  6 jackals
  2 quokkas
  3 ball pythons
  3 bats
  2 frilled lizards
  4 kobolds
  8 rats
89 creatures vanquished.

Notes
Turn   | Place    | Note
-------+----------+-------------------------------------------
     0 | D:1      | jagang the Barachi Monk began the quest for the Orb.
     0 | D:1      | Reached XP level 1. HP: 18/18 MP: 1/1
   133 | D:1      | Reached XP level 2. HP: 12/25 MP: 2/2
   264 | D:1      | Found Cos Zugu's Book Emporium.
   269 | D:1      | Reached skill level 4 in Long Blades
   359 | D:1      | Found a faded altar of an unknown god.
   671 | D:2      | Reached skill level 1 in Armour
   671 | D:2      | Reached XP level 3. HP: 29/30 MP: 3/3
  1439 | D:2      | Reached XP level 4. HP: 33/37 MP: 4/4
  1812 | D:3      | Found Osovaini's Jewellery Emporium.
  1955 | D:3      | Noticed Sigmund
  1971 | D:3      | Killed Sigmund
  1972 | D:3      | Reached skill level 5 in Long Blades
  1972 | D:3      | Reached XP level 5. HP: 26/43 MP: 5/5
  1972 | D:3      | Reached XP level 6. HP: 30/49 MP: 6/6
  2304 | D:3      | Noticed a shadow
  2305 | D:3      | Found a shadowy altar of Dithmenos.
  2306 | D:3      | Found a hazy altar of Hepliaklqana.
  2724 | D:4      | Reached skill level 6 in Long Blades
  2853 | D:4      | Reached skill level 5 in Fighting
  2946 | D:4      | Reached XP level 7. HP: 34/56 MP: 7/7
  3467 | D:5      | Entered Level 5 of the Dungeon
  3483 | D:5      | Found Fefy's Antique Armour Emporium.
  3505 | D:5      | Reached skill level 7 in Long Blades
  3505 | D:5      | Reached skill level 5 in Dodging
  3849 | D:5      | Found a broken altar of Ashenzari.
  4007 | D:5      | Bought a distressingly furry chain mail for 218 gold pieces
  4007 | D:5      | Identified the +0 chain mail of Going Fast {Harm Will+
                  | Int+3} (You bought it in a shop on level 5 of the Dungeon)
  4124 | D:5      | Reached XP level 8. HP: 64/64 MP: 8/8
  4766 | D:6      | Reached skill level 8 in Long Blades
  4793 | D:6      | Noticed Dowan
  4794 | D:6      | Noticed Duvessa
  4901 | D:6      | Killed Dowan
  4902 | D:6      | Reached skill level 5 in Armour
  4919 | D:6      | Slain by Duvessa

Illustrated notes

Levels and vault maps discovered:
D:1:      scummos_arrival_star, layout_basic, shapermc_ecumenical_altar_petra,
          serial_shops, shop
D:2:      layout_basic
D:3:      layout_basic, riverfiend_overflow_shadow_ancestor, serial_shops, shop,
          uniq_sigmund
D:4:      layout_cave_pools, palyth_stone_intersect
D:5:      layout_basic, ashenzari_conservatory_becter, serial_shops, shop
D:6:      layout_gridville, uniq_duvessa, uniq_grinder

Skill      XL: |  1  2  3  4  5  6  7  8 |
---------------+-------------------------+-----
Long Blades    | 4 5 6 7 8 |  8.2
Armour         | 1 3 4 5 |  5.0
Fighting       | 4 5 6 |  6.2
Dodging        | 4 5 |  5.6

Action                     |  1- 3 |  4- 6 |  7- 9 || total
---------------------------+-------+-------+-------++-------
  Melee: Falchion          |    19 |       |       ||    19
         Dagger            |    54 |   104 |   118 ||   276
  Throw: Dart              |       |       |    14 ||    14
Ability: Hop               |       |       |     1 ||     1
    Use: Potion            |       |       |     1 ||     1
   Stab: Invisible         |       |       |     5 ||     5
 Armour: Robe              |     5 |       |       ||     5
         Leather armour    |     7 |     1 |       ||     8
         Chain mail        |       |    44 |    15 ||    59
  Dodge: Dodged            |    43 |    50 |    52 ||   145
  Block: Orb               |       |    11 |    20 ||    31
         Reflection        |       |     1 |     3 ||     4
